 Dungeon Crawl Stone Soup version 0.19.5 (webtiles) character file.

172 LORDOFBUTT the Shield-Bearer (level 5, 0/41 HPs)
             Began as a Formicid Fighter on Mar 21, 2017.
             Slain by a gnoll
             ... wielding a +0 spear
              (2 damage)
             ... on level 4 of the Dungeon.
             The game lasted 00:02:06 (1808 turns).

LORDOFBUTT the Shield-Bearer (Formicid Fighter)     Turns: 1808, Time: 00:02:08

Health: 0/41       AC:  7    Str: 26    XL:     5   Next: 83%
Magic:  5/5        EV:  8    Int:  7    God:
Gold:   149        SH: 10    Dex: 11    Spells: 0 memorised, 4 levels left

rFire  . . .     SeeInvis +     a - +0 war axe
rCold  . . .     Gourm    .     b - +0 scale mail
rNeg   . . .     Faith    .     c - +0 shield
rPois  .         Spirit   .     (helmet unavailable)
rElec  .         Reflect  .     (no cloak)
rCorr  .         Harm     .     (no gloves)
MR     .....                    (no boots)
Stlth  ..........               h - amulet of magic regeneration
                                (no ring)
                                k - +1 ring of protection

@: mighty
A: permanent stasis, dig shafts and tunnels, four strong arms, antennae 3
a: Dig, Shaft Self


You were on level 4 of the Dungeon.
You were not hungry.

You visited 1 branch of the dungeon, and saw 4 of its levels.

You collected 149 gold pieces.

Inventory:

Hand Weapons
 a - a +0 war axe (weapon)
Armour
 b - a +0 scale mail (worn)
 c - a +0 shield (worn)
Jewellery
 h - an amulet of magic regeneration (around neck)
 k - a +1 ring of protection (left hand)
Scrolls
 g - 3 scrolls of amnesia
 i - a scroll of recharging {unknown}
 l - a scroll of enchant weapon {unknown}
 m - 2 scrolls of teleportation {unknown}
 p - 2 scrolls of remove curse {unknown}
Potions
 e - a potion of degeneration
 j - a potion of brilliance
 o - a potion of mutation {unknown}
 r - 2 potions of flight {unknown}
 t - a potion of heal wounds {unknown}
 u - a potion of agility {unknown}
Comestibles
 f - a bread ration
 n - 4 fruits
 q - a beef jerky
 s - a meat ration


   Skills:
 - Level 3.2 Fighting
 * Level 4.4 Axes
 - Level 3.2 Armour
 + Level 5.3 Shields


You had 4 spell levels left.
You didn't know any spells.

Dungeon Overview and Level Annotations

Branches:
Dungeon (4/15)
 Temple: D:4-7

Altars:
Okawaru
Trog
Xom


Innate Abilities, Weirdness & Mutations

You are under a permanent stasis effect.
You can dig through walls and to a lower floor.
Your four strong arms can wield two-handed weapons with a shield.
You have a pair of large antennae on your head. (SInv)


Message History

Unknown command.
Okay, then.
You feel very mighty all of a sudden. The bullfrog hits you.
The gnoll hits you from afar with a spear.
* * * LOW HITPOINT WARNING * * *
The bullfrog barely misses you.
You hit the bullfrog.
The bullfrog is moderately wounded.
The bullfrog hits you!
* * * LOW HITPOINT WARNING * * *
The gnoll barely misses you. The gnoll closely misses you.
You block the bullfrog's attack.
You barely miss the bullfrog.
The bullfrog is moderately wounded.
You slash the gnoll! You block the bullfrog's attack.
You block the gnoll's attack.
The gnoll hits you but does no damage. x2
The bullfrog completely misses you. The gnoll hits you but does no damage.
The gnoll hits you from afar with a spear.
You die...

########### #..........
#.......... #..........
#...g......
..########.@Fg......
#...........g.......
.......####..............
#......###..#############
#?.....##..##
#......#..## #......#.##
#).....#.# .......#.#


You could see a bullfrog and 3 gnolls.

Vanquished Creatures
  A bullfrog (D:3)
  4 adders
  An ooze (D:2)
  2 worms
  A dart slug (D:1)
  A leopard gecko (D:1)
  4 orcs (D:3)
  3 giant cockroaches
  3 goblins
  4 hobgoblins
  7 jackals
  A quokka (D:2)
  4 ball pythons
  7 bats
  2 frilled lizards
  7 kobolds
  5 rats
57 creatures vanquished.

Notes
Turn   | Place    | Note
-------+----------+-------------------------------------------
     0 | D:1      | LORDOFBUTT the Formicid Fighter began the quest for the Orb.
     0 | D:1      | Reached XP level 1. HP: 18/18 MP: 1/1
   147 | D:1      | Reached XP level 2. HP: 20/24 MP: 2/2
   682 | D:2      | Reached skill level 4 in Shields
   722 | D:2      | Reached XP level 3. HP: 21/29 MP: 3/3
   945 | D:2      | Found an iron altar of Okawaru.
   945 | D:2      | Found a bloodstained altar of Trog.
   985 | D:2      | Found a shimmering altar of Xom.
   989 | D:2      | Found a shimmering altar of Xom.
  1012 | D:2      | Reached XP level 4. HP: 35/35 MP: 4/4
  1664 | D:3      | Noticed a bullfrog
  1678 | D:3      | Killed a bullfrog
  1678 | D:3      | Reached skill level 5 in Shields
  1678 | D:3      | Reached XP level 5. HP: 15/41 MP: 5/5
  1797 | D:4      | Noticed a bullfrog
  1807 | D:4      | HP: 2/41 [bullfrog (7)]
  1808 | D:4      | Slain by a gnoll

Skill      XL: |  1  2  3  4 |
---------------+-------------+-----
Shields        | 4 5 |  5.3
Axes           | 3 4 |  4.4
Fighting       | |  3.2
Armour         | |  3.2

Action                   |  1- 3 |  4- 6 || total
-------------------------+-------+-------++-------
Melee: War axe           |   100 |   109 ||   209
  Use: Scroll            |     4 |     2 ||     6
       Potion            |       |     1 ||     1
  Eat: Chunk             |       |     3 ||     3
Armor: Scale mail        |    52 |    53 ||   105
Dodge: Dodged            |    42 |    55 ||    97
Block: Shield            |    73 |    68 ||   141
